 Dungeon Crawl Stone Soup version 0.17-a0-6048-gac2d693 (webtiles) character file.

25687 CyrusL the Destroyer (level 12, -3/89 HPs)
             Began as a Grey Draconian Conjurer on Jan 19, 2017.
             Was a High Priest of Vehumet.
             Slain by a spiny frog (17 damage)
             ... on level 3 of the Lair of Beasts on Jan 30, 2017.
             The game lasted 02:11:23 (17478 turns).

CyrusL the Destroyer (Grey Draconian Conjurer)     Turns: 17478, Time: 02:11:23

Health: -3/89      AC: 15    Str: 12    XL:     12   Next: 91%
Magic:  12/34      EV:  6    Int: 18    God:    Vehumet [*****.]
Gold:   1007       SH:  0    Dex: 13    Spells: 9 memorised, 5 levels left

rFire  . . .     SeeInvis .     R - staff of cold
rCold  + . .     Gourm    .     (armour unavailable)
rNeg   + . .     Faith    +     (no shield)
rPois  .         Spirit   .     M - +1 hat
rElec  .         Reflect  .     (no cloak)
rCorr  .         Harm     .     (no gloves)
MR     .....                    H - +0 pair of boots
Stlth  ++........               Q - amulet of faith
                                O - ring "Jyt Ymu" {rN+ MP+9}
                                N - ring of wizardry

@: held
A: walk through water, unfitting armour, antennae 1, beak, claws 1, hooves 1,
dopey 1, low mp 1, robust 1, strong 1, unbreathing, cold-blooded, AC +13
a: Renounce Religion


You were on level 3 of the Lair of Beasts.
You worshipped Vehumet.
Vehumet was extremely pleased with you.
You were very hungry.

You visited 3 branches of the dungeon, and saw 15 of its levels.

You collected 1007 gold pieces.

Inventory:

Hand Weapons
 E - a +0 dagger of draining
 I - a +1 vampiric dagger
Armour
 H - a +0 pair of boots (worn)
 M - a +1 hat (worn)
Magical Staves
 R - an uncursed staff of cold (weapon)
Jewellery
 c - a +6 ring of protection
 d - an uncursed ring of flight
 l - an uncursed ring of protection from cold
 y - an uncursed ring of resist corrosion
 F - an uncursed amulet of regeneration
 N - a ring of wizardry (left claw)
 O - the ring "Jyt Ymu" (right claw) {rN+ MP+9}
   (You found it on level 10 of the Dungeon)

   [ring of positive energy]

   It protects you from negative energy.
   It affects your magic capacity (+9).
 Q - an amulet of faith (around neck)
 Z - an uncursed ring of see invisible
Wands
 x - a wand of slowing (38/48)
 G - a wand of iceblast (6/15)
 L - a wand of disintegration (7/24)
 T - a wand of acid (3/15)
 V - a wand of heal wounds (8/9)
 X - a wand of disintegration (12/24)
Scrolls
 j - 5 scrolls of identify
 o - 2 scrolls of recharging
 q - 2 scrolls of noise
 r - 2 scrolls of enchant armour
 t - a scroll of blinking
 v - 2 scrolls of remove curse
 A - 2 scrolls of teleportation
 C - a scroll of brand weapon {unknown}
 D - a scroll of magic mapping
 P - 2 scrolls of fear
Potions
 f - a potion of curing
 i - 3 potions of heal wounds
 k - 3 potions of flight
 m - a potion of cancellation
 w - a potion of resistance
 S - 3 potions of haste
 U - a potion of ambrosia
Books
 a - a book of Conjurations

   Spells                             Type                      Level
   a - Magic Dart                     Conjuration                  1
   b - Searing Ray                    Conjuration                  2
   c - Dazzling Spray                 Conjuration/Hexes            3
   d - Fulminant Prism                Conjuration/Hexes            4
   e - Iskenderun's Mystic Blast      Conjuration                  4
   f - Iskenderun's Battlesphere      Conjuration/Charms           5
 n - a book of Battle

   Spells                             Type                      Level
   a - Infusion                       Charms                       1
   b - Shroud of Golubria             Charms/Translocation         2
   c - Song of Slaying                Charms                       2
   d - Spectral Weapon                Hexes/Charms                 3
   e - Regeneration                   Charms/Necromancy            3
 s - a book of Misfortune

   Spells                             Type                      Level
   a - Confusing Touch                Hexes                        1
   b - Confuse                        Hexes                        3
   c - Gell's Gravitas                Hexes/Translocation          3
   d - Petrify                        Transmutation/Earth          4
   e - Metabolic Englaciation         Hexes/Ice                    5
   f - Yara's Violent Unravelling     Hexes/Transmutation          5
 z - a Young Poisoner's Handbook

   Spells                             Type                      Level
   a - Sting                          Conjuration/Poison           1
   b - Mephitic Cloud                 Conjuration/Poison/Air       3
   c - Olgreb's Toxic Radiance        Poison                       4
   d - Alistair's Intoxication        Transmutation/Poison         5
   e - Venom Bolt                     Conjuration/Poison           5
 J - the Papyrus of the Thoughtful Wars
   (You found it on level 9 of the Dungeon)

   Spells                             Type                      Level
   a - Repel Missiles                 Charms/Air                   2
   b - Shroud of Golubria             Charms/Translocation         2
   c - Song of Slaying                Charms                       2
   d - Ozocubu's Armour               Charms/Ice                   3
   e - Spectral Weapon                Hexes/Charms                 3
   f - Venom Bolt                     Conjuration/Poison           5
 K - a book of Cantrips

   Spells                             Type                      Level
   a - Confusing Touch                Hexes                        1
   b - Animate Skeleton               Necromancy                   1
   c - Summon Small Mammal            Summoning                    1
   d - Apportation                    Translocation                1
 Y - a book of Minor Magic

   Spells                             Type                      Level
   a - Magic Dart                     Conjuration                  1
   b - Blink                          Translocation                2
   c - Call Imp                       Summoning                    2
   d - Repel Missiles                 Charms/Air                   2
   e - Slow                           Hexes                        2
   f - Conjure Flame                  Conjuration/Fire             3
   g - Mephitic Cloud                 Conjuration/Poison/Air       3
Miscellaneous
 g - a lamp of fire (inert)
Comestibles
 b - 12 bread rations
 e - 7 fruits
 h - a beef jerky
 p - a royal jelly
 u - 2 slices of pizza
 B - 6 meat rations


   Skills:
 - Level 0.6 Short Blades
   Level 0.2 Axes
 - Level 2.1 Dodging
 - Level 2.0 Stealth
 + Level 12.7 Spellcasting
 + Level 12.8 Conjurations
 + Level 0.1 Hexes
 * Level 6.5 Charms
 - Level 0.2 Necromancy
 * Level 9.6 Earth Magic
 - Level 3.4 Evocations


You had 5 spell levels left.
You knew the following spells:

 Your Spells              Type           Power        Failure   Level  Hunger
a - Magic Dart            Conj           ####         1%          1    None
b - Searing Ray           Conj           ######       1%          2    None
c - Dazzling Spray        Conj/Hex       ####..       1%          3    None
e - Iskenderun's Mystic   Conj           ######..     1%          4    ##.....
f - Fulminant Prism       Conj/Hex       ####......   1%          4    ##.....
g - Regeneration          Chrm/Necr      ###.......   1%          3    None
h - Iskenderun's Battles  Conj/Chrm      #####...     1%          5    ####...
i - Force Lance           Conj/Tloc      ####....     1%          4    ##.....
j - Lee's Rapid Deconstr  Erth           #####.....   1%          5    ####...


Dungeon Overview and Level Annotations

Branches:
Dungeon (11/15)            Temple (1/1) D:4            Lair (3/6) D:10
 Spider (0/4) Lair:3
  Swamp: Lair:2-4    Shoals: Lair:2-4       Orc: D:9-12

Altars:
Ashenzari
Cheibriados
Dithmenos
Elyvilon
Fedhas
Gozag
Hepliaklqana
Kikubaaqudgha
Makhleb
Nemelex Xobeh
Okawaru
Qazlal
Ru
Sif Muna
Trog
Uskayaw
Vehumet Wundvrond
Xom
Yredelemnul
Zin
The Shining One


Innate Abilities, Weirdness & Mutations

You can walk through water.
Your dull iron-grey scales are very hard. (AC +13)
You cannot fit into any form of body armour.
You can survive without breathing.
You are cold-blooded and may be slowed by cold attacks.
You have a pair of small antennae on your head.
You have a beak for a mouth.
You have sharp fingernails.
You have large cloven feet.
You are dopey. (Int -2)
Your magical capacity is low. (-10% MP)
You are robust. (+10% HP)
Your muscles are strong. (Str +2)


Message History

The spiny frog stings you.
* * * LOW HITPOINT WARNING * * *
The spiny frog stings you!
* * * LOW HITPOINT WARNING * * *
The jumping spider pounces on you.
* * * LOW HITPOINT WARNING * * *
The jumping spider bites you but does no damage.
The spiny frog stings you but does no damage.
The spiny frog stings you but does no damage.
The jumping spider leaps!
The spiny frog stings you!
* * * LOW HITPOINT WARNING * * *
You turn to flesh and can move again.
A jumping spider comes into view.
Zapping:
V - a wand of heal wounds (9/9)
Press: ? - help, Shift-Dir - straight line, f - you, p - spiny frog You feel much better.
This wand has 8 charges left.
The jumping spider leaps!
The spiny frog stings you!
* * * LOW HITPOINT WARNING * * *
The spiny frog stings you!
You die...

.##....##
......$........#
......#...#.#..##
......#..#..P...
....s....# #....
#...P..P.###...#
...s.....##....####
....*..F.....)(P#.### ##
......F@.......P...####P
.##...P.#..#............
##..#.#..#.#.P#.#...P.
##...ยง..###..........
.#.##.#.#...####PP.##.#.
........#..## ######.##
##...##.P.## ### ####
#...# # .....# ##


You could see 2 spiny frogs, 2 jumping spiders and a friendly battlesphere.

Vanquished Creatures
  Gastronok (D:9)
  2 hydras
  5 hill giants
  An orange crystal statue (D:10)
  An ugly thing (D:11)
  An oklob plant (Lair:1)
  A manticore (D:11)
  4 elephants
  A guardian serpent (D:10)
  A centaur zombie (D:11)
  2 spiny frogs (Lair:1)
  Joseph (D:7)
  A black mamba (Lair:1)
  The ghost of twelwe the Slasher, a novice FoMo (D:4)
  A kobold demonologist (D:9)
  6 polar bears
  Prince Ribbit (D:9)
  A troll (D:11)
  Grinder (D:5)
  3 hippogriffs
  5 spriggans
  17 yaks
  Eustachio (D:3)
  A wyvern (D:8)
  A basilisk (Lair:3)
  A steam dragon (D:7)
  A hungry ghost (D:9)
  Menkaure (D:5)
  4 water moccasins
  Duvessa (D:5)
  3 porcupines
  3 orc warriors
  12 black bears
  A necrophage (D:10)
  An ice beast (D:6)
  11 ogres
  3 phantoms
  8 wolves
  8 centaurs
  4 crocodiles
  3 big kobolds
  8 bullfrogs
  Dowan (D:5)
  A wyvern skeleton (D:11)
  4 scorpions
  9 killer bees
  3 howler monkeys
  4 crimson imps
  2 bullfrog zombies
  2 quasits
  4 hounds
  A gnoll shaman (D:8)
  3 orc priests
  2 bullfrog skeletons
  A centaur skeleton (D:9)
  2 jellies
  5 iguanas
  12 orc wizards
  2 hell rats (D:7)
  6 worker ants
  A hound zombie (D:6)
  A hound skeleton (D:11)
  A howler monkey zombie (D:9)
  6 gnolls
  A worker ant zombie (D:5)
  14 river rats
  19 adders
  4 shadow imps
  An ooze (D:4)
  An adder zombie (D:7)
  5 worms
  10 dart slugs
  3 leopard geckos
  28 orcs
  3 ball pythons
  19 bats
  2 giant cockroaches
  6 goblins
  6 hobgoblins
  7 jackals (D:3)
  8 frilled lizards
  8 kobolds
  A leopard gecko skeleton (D:4)
  A leopard gecko zombie (D:6)
  36 rats
  A plant (D:8)
391 creatures vanquished.

Vanquished Creatures (others)
  A centaur (D:6)
  3 fulminant prisms
  12 fungi
  7 plants
23 creatures vanquished.

Grand Total: 414 creatures vanquished

Notes
Turn   | Place    | Note
-------+----------+-------------------------------------------
     0 | D:1      | CyrusL the Draconian Conjurer began the quest for the Orb.
     0 | D:1      | Reached XP level 1. HP: 14/14 MP: 3/3
   219 | D:1      | Reached XP level 2. HP: 18/20 MP: 0/5
   223 | D:1      | Learned a level 2 spell: Searing Ray
   794 | D:1      | Gained mutation: You are weak. (Str -2) [potion of mutation]
   794 | D:1      | Gained mutation: Your spells are a little easier to cast, but a little less powerful. [potion of mutation]
   794 | D:1      | Lost mutation: You are weak. (Str -2) [potion of mutation]
   889 | D:2      | Reached XP level 3. HP: 23/26 MP: 0/6
  1496 | D:2      | Reached skill level 5 in Conjurations
  1496 | D:2      | Reached XP level 4. HP: 27/33 MP: 1/7
  1506 | D:2      | Learned a level 3 spell: Dazzling Spray
  3169 | D:4      | Noticed twelwe's ghost (novice FoMo)
  3264 | D:4      | Noticed Eustachio
  3553 | D:3      | Killed Eustachio
  3553 | D:3      | Reached XP level 5. HP: 28/38 MP: 1/11
  3553 | D:3      | Reached XP level 6. HP: 33/45 MP: 1/12
  4057 | D:4      | Killed twelwe's ghost
  4057 | D:4      | Reached skill level 5 in Spellcasting
  4057 | D:4      | Reached skill level 1 in Evocations
  4057 | D:4      | Your scales start taking on a dull iron-grey colour.
  4057 | D:4      | Reached XP level 7. HP: 48/50 MP: 8/14
  4057 | D:4      | Gained mutation: You can survive without breathing. [Grey Draconian growth]
  4575 | D:4      | Found a staircase to the Ecumenical Temple.
  4586 | Temple   | Entered the Ecumenical Temple
  4757 | Temple   | Became a worshipper of Vehumet
  5109 | D:5      | Entered Level 5 of the Dungeon
  5109 | D:5      | Noticed Duvessa
  5109 | D:5      | Noticed Dowan
  5236 | D:5      | You fall through a shaft!
  5262 | D:5      | Found a blossoming altar of Fedhas.
  5453 | D:6      | Reached XP level 8. HP: 49/57 MP: 5/17
  5878 | D:5      | Killed Duvessa
  5932 | D:5      | Killed Dowan
  6051 | D:5      | Noticed Menkaure
  6060 | D:5      | Killed Menkaure
  6389 | D:5      | Noticed Grinder
  6403 | D:5      | Paralysed by Grinder for 4 turns
  6408 | D:5      | Killed Grinder
  6408 | D:5      | Reached XP level 9. HP: 49/62 MP: 9/20
  6582 | D:5      | Reached * piety under Vehumet
  6582 | D:5      | Offered knowledge of Sandblast by Vehumet.
  6634 | D:5      | Learned a level 1 spell: Sandblast
  6863 | D:6      | Learned a level 4 spell: Iskenderun's Mystic Blast
  6868 | D:6      | Learned a level 4 spell: Fulminant Prism
  7070 | D:6      | Learned a level 3 spell: Regeneration
  7191 | D:6      | Reached skill level 1 in Earth Magic
  7373 | D:7      | Reached skill level 1 in Charms
  7525 | D:7      | Noticed Joseph
  7552 | D:7      | Killed Joseph
  7902 | D:7      | Offered knowledge of Freeze by Vehumet.
  7951 | D:7      | Reached ** piety under Vehumet
  8312 | D:7      | Learned a level 5 spell: Iskenderun's Battlesphere
  8353 | D:7      | Reached XP level 10. HP: 22/69 MP: 4/23
  8744 | D:8      | Offered knowledge of Throw Flame by Vehumet.
  9149 | D:8      | Reached skill level 10 in Conjurations
  9229 | D:8      | Found a shattered altar of Ashenzari.
  9255 | D:8      | Gained mutation: You have sharp fingernails. [potion of mutation]
  9255 | D:8      | Lost mutation: Your spells are a little easier to cast, but a little less powerful. [potion of mutation]
  9255 | D:8      | Gained mutation: You have a pair of small antennae on your head. [potion of mutation]
  9479 | D:8      | Reached *** piety under Vehumet
 10595 | D:9      | Offered knowledge of Force Lance by Vehumet.
 10603 | D:9      | Reached skill level 5 in Earth Magic
 10638 | D:9      | Identified the Papyrus of the Thoughtful Wars
 10645 | D:9      | Learned a level 4 spell: Force Lance
 10749 | D:9      | Noticed Prince Ribbit
 10836 | D:9      | Killed Prince Ribbit
 11103 | D:9      | Noticed Gastronok
 11241 | D:9      | Killed Gastronok
 11241 | D:9      | Reached skill level 10 in Spellcasting
 11241 | D:9      | Reached XP level 11. HP: 74/74 MP: 7/25
 11767 | D:10     | Entered Level 10 of the Dungeon
 11788 | D:10     | Gained mutation: You are dopey. (Int -2) [mutagenic meat]
 11789 | D:10     | Gained mutation: You have a beak for a mouth. [mutagenic meat]
 11790 | D:10     | Gained mutation: Your magical capacity is low. (-10% MP) [mutagenic meat]
 11791 | D:10     | Gained mutation: You have large cloven feet. [mutagenic meat]
 11898 | D:10     | Reached **** piety under Vehumet
 12108 | D:10     | Offered knowledge of Lee's Rapid Deconstruction by Vehumet.
 12138 | D:10     | Noticed a hill giant
 12594 | D:10     | Found a staircase to the Lair.
 12616 | D:10     | Noticed an orange crystal statue
 12675 | D:10     | Noticed a hill giant
 12679 | D:10     | Killed a hill giant
 12798 | D:10     | Killed a hill giant
 13090 | D:10     | Learned a level 5 spell: Lee's Rapid Deconstruction
 13099 | D:10     | Killed an orange crystal statue
 13133 | D:10     | Got a transparent marble ring
 13147 | D:10     | Identified the ring "Jyt Ymu" {rN+ MP+9} (You found it on level 10 of the Dungeon)
 13258 | D:11     | Noticed a purple ugly thing
 13270 | D:11     | Killed a purple ugly thing
 13270 | D:11     | Reached skill level 5 in Charms
 13349 | D:11     | Gained mutation: Your muscles are strong. (Str +2) [mutagenic meat]
 13350 | D:11     | Gained mutation: You are robust. (+10% HP) [mutagenic meat]
 13544 | D:11     | Noticed a hill giant
 13550 | D:11     | Killed a hill giant
 13689 | D:11     | Reached ***** piety under Vehumet
 13721 | D:11     | Offered knowledge of Sticky Flame by Vehumet.
 13741 | D:11     | Noticed a hill giant
 13789 | D:11     | Killed a hill giant
 13925 | D:11     | Reached XP level 12. HP: 56/89 MP: 14/24
 14746 | Lair:1   | Entered Level 1 of the Lair of Beasts
 15286 | Lair:1   | Noticed a five-headed hydra
 15292 | Lair:1   | Killed a five-headed hydra
 16315 | Lair:2   | Noticed an eight-headed hydra
 16321 | Lair:2   | Killed an eight-headed hydra
 17284 | Lair:3   | Noticed a six-headed hydra
 17441 | Lair:3   | Found a hole to the Spider Nest.
 17477 | Lair:3   | HP: 3/89 [spiny frog (7)]
 17478 | Lair:3   | Slain by a spiny frog

Vault maps used:
D:1:      lightli_iron_boxes
D:2:      minmay_pentomino_w4
D:4:      kennysheep_slugbush, uniq_eustachio
D:5:      lemuel_upstairs_altar, gup_sewer_entry_bowl, first_bread, hex_large,
          uniq_grinder, uniq_menkaure, uniq_duvessa
D:7:      lemuel_ratsnest, the_bakery, uniq_joseph
D:8:      ashenzari_altar_1, nicolae_zen_rock_garden, minmay_misc_feat_five
D:9:      uniq_prince_ribbit1, uniq_gastronok
D:10:     grunt_lair_entry_orc_guard_hut, minivault_15,
          small_statue_intersection, nrook_guardian_serpent_ordinary
D:11:     kb_forest_paths
Temple:   roderic_octagonal_lattice_temple
Lair:1:   beast_lair_carwin_large_4, nicolae_volcano_entry_two_sided,
          nicolae_lair_grove_arrangements, minivault_24, dpeg_stationary_puzzle
Lair:3:   nicolae_spider_entry_tight_spaces

Skill      XL: |  1  2  3  4  5  6  7  8  9 10 11 12 |
---------------+-------------------------------------+-----
Dodging        | 2 |  2.1
Stealth        | 2 |  2.0
Conjurations   | 5 6 7 8 9 10 11 12 | 12.8
Spellcasting   | 4 5 6 7 9 10 11 12 | 12.7
Evocations     | 1 2 3 |  3.4
Earth Magic    | 3 6 8 9 |  9.6
Charms         | 2 4 5 6 |  6.5
Short Blades   | |  0.6
Axes           | |  0.2
Hexes          | |  0.1
Necromancy     | |  0.2

Action                   |  1- 3 |  4- 6 |  7- 9 | 10-12 || total
-------------------------+-------+-------+-------+-------++-------
Melee: Hand axe          |    10 |       |       |       ||    10
       Tailslap          |     7 |    13 |    11 |     1 ||    32
       Unarmed           |    10 |       |       |       ||    10
       Dagger            |    52 |   100 |   122 |    15 ||   289
       Staff             |       |       |       |     3 ||     3
 Cast: Magic Dart        |    49 |    45 |   117 |   111 ||   322
       Searing Ray       |     5 |    19 |    75 |   164 ||   263
       Iskenderun's Myst |       |       |    11 |    99 ||   110
       Sandblast         |       |       |     7 |     1 ||     8
       Iskenderun's Batt |       |       |       |    31 ||    31
       Regeneration      |       |       |       |     3 ||     3
       Dazzling Spray    |       |       |       |     2 ||     2
       Lee's Rapid Decon |       |       |       |     3 ||     3
       Fulminant Prism   |       |       |       |     3 ||     3
 Abil: Evoke Flight      |       |       |       |     1 ||     1
Evoke: Wand              |       |     7 |     9 |    11 ||    27
       Lamp of fire      |       |       |       |     2 ||     2
  Use: Potion            |     4 |     2 |    10 |     1 ||    17
       Scroll            |     1 |     7 |     7 |     8 ||    23
 Stab: Sleeping          |       |     3 |     1 |       ||     4
  Eat: Chunk             |     3 |     6 |     9 |    38 ||    56
       Bread ration      |       |     1 |     1 |     1 ||     3
       Pizza             |       |       |       |     1 ||     1
Armor: Skin              |    22 |    60 |    75 |   113 ||   270
Dodge: Dodged            |    45 |   103 |   140 |   150 ||   438
Block: Other             |     7 |    30 |    38 |     8 ||    83
       Reflection        |       |     1 |     4 |       ||     5
